[Event "November 21 Early 2023"]
[Site "https://www.chess.com"]
[Date "2023.11.21"]
[Round "9"]
[White "Golubev, Mikhail"]
[Black "ploxoi"]
[Result "1-0"]
[Board "74"]
[TimeControl "180+1"]
[WhiteFideId "14100983"]
[WhiteElo "2352"]
[BlackElo "2444"]
[WhiteTeam "UKR"]
[WhiteClock "0:00:17"]
[BlackClock "0:00:12"]

1. e4 c5 2. Nf3 e6 3. d4 cxd4 4. Nxd4 Nc6 5. Nc3 Qc7 6. Be3 a6 7. a3 Nf6 8. f4 d6 9. Qf3 Be7 10. O-O-O h5 11. Bd3 Bd7 12. Rhe1 Rc8 13. h3 h4 14. Kb1 b5 15. f5 Ne5 16. Qf2 Nc4 17. Bxc4 Qxc4 18. fxe6 fxe6 19. Bg5 b4 20. axb4 Qxb4 21. Nb3 Rxc3 22. bxc3 Qb7 23. e5 Nd5 24. Bxe7 Nxc3+ 25. Kb2 Na4+ 26. Kc1 Kxe7 27. exd6+ Ke8 28. Qd4 Qxg2 29. Rg1 Qf3 30. Rxg7 Rf8 31. Re7+ Kd8 32. Rxd7+ Kxd7 33. Qa7+ Kc8 34. Qc7# 1-0

[Event "November 21 Early 2023"]
[Site "https://www.chess.com"]
[Date "2023.11.21"]
[Round "9"]
[White "Berezin, Viktor"]
[Black "Maltsevskaya, Aleksandra"]
[Result "0-1"]
[Board "75"]
[TimeControl "180+1"]
[WhiteFideId "14107872"]
[BlackFideId "24174041"]
[WhiteElo "2310"]
[BlackElo "2296"]
[WhiteTeam "UKR"]
[BlackTeam "POL"]
[WhiteClock "0:00:01"]
[BlackClock "0:01:49"]

1. Nf3 Nf6 2. c4 g6 3. g3 Bg7 4. Bg2 O-O 5. O-O d6 6. Nc3 Nbd7 7. d3 e5 8. Rb1 a5 9. a3 Nc5 10. b4 axb4 11. axb4 Ne6 12. Bd2 h6 13. Ne1 Nd7 14. Nc2 f5 15. Ra1 Rb8 16. Nb5 f4 17. Na7 Nf6 18. Nxc8 Qxc8 19. Ra7 Ng5 20. d4 fxg3 21. hxg3 Nh3+ 22. Kh1 Ng4 23. Be1 Ngxf2+ 24. Bxf2 Nxf2+ 25. Rxf2 Rxf2 26. dxe5 Bxe5 27. Qd5+ Kg7 28. Nd4 Qg4 29. Ne6+ Kh7 30. Ra3 c6 31. Qe4 Qxe6 32. Rf3 Rxf3 0-1

[Event "November 21 Early 2023"]
[Site "https://www.chess.com"]
[Date "2023.11.21"]
[Round "9"]
[White "Ljukin, Sergei"]
[Black "Bodnaruk, Anastasia"]
[Result "0-1"]
[Board "76"]
[TimeControl "180+1"]
[WhiteFideId "14102200"]
[BlackFideId "4181751"]
[WhiteElo "2312"]
[BlackElo "2260"]
[WhiteTeam "UKR"]
[BlackTeam "RUS"]
[WhiteClock "0:00:31"]
[BlackClock "0:01:06"]

1. e4 c5 2. Nf3 d6 3. d4 cxd4 4. Nxd4 Nf6 5. Nc3 a6 6. Bg5 Nbd7 7. f4 Qc7 8. Qf3 b5 9. Nd5 Qc5 10. O-O-O Bb7 11. b4 Qc8 12. Bxf6 gxf6 13. Kb1 e6 14. Ne3 h5 15. c4 f5 16. Bd3 Nf6 17. Nexf5 exf5 18. Nxf5 Qxf5 19. exf5 Bxf3 20. gxf3 Rb8 21. cxb5 axb5 22. Rc1 Kd7 23. Rc3 Nd5 24. Ra3 Nxb4 25. Ra7+ Kc6 26. Be2 Bh6 27. Rc1+ Kb6 28. Rxf7 Bxf4 29. Rcc7 Rhe8 0-1

[Event "November 21 Early 2023"]
[Site "https://www.chess.com"]
[Date "2023.11.21"]
[Round "9"]
[White "Feliz Dotel, Dewar Bienvenido"]
[Black "Gubajdullin, Alexei"]
[Result "0-1"]
[Board "77"]
[TimeControl "180+1"]
[WhiteFideId "6402801"]
[BlackFideId "4141202"]
[WhiteElo "2069"]
[BlackElo "2280"]
[WhiteTeam "DOM"]
[BlackTeam "RUS"]
[WhiteClock "0:00:06"]
[BlackClock "0:00:18"]

1. d4 Nf6 2. e3 g6 3. Nf3 Bg7 4. Be2 O-O 5. b4 d6 6. Bb2 c5 7. a3 cxd4 8. Nxd4 b6 9. c4 Bb7 10. O-O Nbd7 11. Bf3 Bxf3 12. Qxf3 Ne5 13. Qe2 Qc7 14. Nd2 Rac8 15. Rac1 Qb7 16. N4f3 Ned7 17. Nb3 a6 18. Rc2 Rc7 19. Rfc1 Rfc8 20. h3 e5 21. Nbd2 Ne8 22. Qd3 f5 23. e4 fxe4 24. Nxe4 Ndf6 25. Nfg5 Nxe4 26. Nxe4 Qc6 27. Rd2 Rd7 28. Rcd1 Rcd8 29. Nc3 Bh6 30. Re2 Rf7 31. Qd5 Qxd5 32. Nxd5 Rb8 33. Bc1 Bxc1 34. Rxc1 Ra7 35. Rc3 Kf7 36. c5 bxc5 37. bxc5 dxc5 38. Rxe5 Rc8 39. Rf3+ Kg7 40. Nc3 c4 41. Rf4 Rf7 42. Rxf7+ Kxf7 43. Rd5 Rc6 44. f4 Nd6 45. g4 Ke6 46. Re5+ Kd7 47. f5 gxf5 48. gxf5 Rb6 49. f6 Rb3 50. Re7+ Kc6 51. Re3 Rxa3 52. Kf2 Ra5 53. Rf3 Nf7 54. Rf4 Kc5 55. Rf5+ Kb4 56. Rxa5 Kxa5 57. Ke3 Kb4 58. Nd5+ Kb3 59. Kd4 a5 60. Nc3 Ng5 61. h4 Nf3+ 62. Ke3 Nxh4 63. f7 Ng6 64. Nd5 c3 65. Nf4 Nf8 66. Ne2 a4 67. Nd4+ Kb2 68. Ke4 a3 69. Ke5 a2 70. Ne6 Ng6+ 71. Kf6 a1=Q 72. Ng7 Qa6+ 73. Kg5 Qb7 74. Kh6 Qxf7 75. Kxh7 Nf8+ 76. Kh8 c2 77. Nf5 Qh7# 0-1

[Event "November 21 Early 2023"]
[Site "https://www.chess.com"]
[Date "2023.11.21"]
[Round "9"]
[White "Koepke, Christian"]
[Black "Narayanan, Srinath"]
[Result "0-1"]
[Board "78"]
[TimeControl "180+1"]
[WhiteFideId "4655737"]
[BlackFideId "5018420"]
[WhiteElo "2238"]
[BlackElo "2442"]
[WhiteTeam "GER"]
[BlackTeam "IND"]
[WhiteClock "0:00:22"]
[BlackClock "0:00:34"]

1. e4 c5 2. b4 cxb4 3. a3 d5 4. exd5 Nf6 5. axb4 Nxd5 6. b5 e5 7. c4 Nf6 8. Bb2 Bc5 9. Nf3 e4 10. Ne5 Qb6 11. d4 exd3 12. Nxd3 Bd4 13. Be2 O-O 14. O-O Bxb2 15. Nxb2 Nbd7 16. Nd3 Nc5 17. Nxc5 Qxc5 18. Nc3 Be6 19. Qa4 Rfc8 20. Bf3 Bxc4 21. Bxb7 Bxf1 22. Bxa8 Qxc3 23. Kxf1 Rxa8 24. b6 a5 25. b7 Rb8 26. Qxa5 Qxa5 27. Rxa5 Nd7 28. Ra8 Kf8 29. Ke2 Ke7 30. Ra7 Kd6 31. Kf3 Kc7 0-1

[Event "November 21 Early 2023"]
[Site "https://www.chess.com"]
[Date "2023.11.21"]
[Round "9"]
[White "Cruz Mendez, Jean Marco"]
[Black "Korchmar, Vasiliy"]
[Result "0-1"]
[Board "79"]
[TimeControl "180+1"]
[WhiteFideId "3526402"]
[BlackFideId "24131750"]
[WhiteElo "2064"]
[BlackElo "2372"]
[WhiteTeam "CUB"]
[BlackTeam "RUS"]
[WhiteClock "0:00:23"]
[BlackClock "0:01:39"]

1. Nf3 d5 2. g3 g6 3. Bg2 Bg7 4. O-O e5 5. c4 c6 6. d3 Ne7 7. Nc3 O-O 8. Bg5 f6 9. Bd2 Be6 10. cxd5 cxd5 11. Rc1 Nbc6 12. a3 h6 13. b4 g5 14. b5 Na5 15. Qa4 b6 16. Na2 f5 17. Nb4 e4 18. Ne1 f4 19. Nc6 Nexc6 20. bxc6 Kh8 21. Bxa5 bxa5 22. dxe4 dxe4 23. Qxe4 Bf5 24. Qc4 Rc8 25. Nd3 f3 26. c7 Qd6 27. Bxf3 Bxd3 28. exd3 Rxf3 29. Qg4 Rff8 30. Qc4 Be5 31. Rfd1 Rxc7 0-1

[Event "November 21 Early 2023"]
[Site "https://www.chess.com"]
[Date "2023.11.21"]
[Round "9"]
[White "Krzyzanowski, Marcin"]
[Black "Nikologorsky, Matfei"]
[Result "1-0"]
[Board "80"]
[TimeControl "180+1"]
[WhiteFideId "1132199"]
[BlackFideId "24102474"]
[WhiteElo "2471"]
[BlackElo "2153"]
[WhiteTeam "POL"]
[BlackTeam "FID"]
[WhiteClock "0:00:09"]
[BlackClock "0:00:08"]

1. e4 c5 2. Nf3 e6 3. d4 cxd4 4. Nxd4 a6 5. Bd3 Qc7 6. O-O Nf6 7. Nc3 Nc6 8. Nxc6 dxc6 9. f4 e5 10. f5 Bc5+ 11. Kh1 b5 12. Bg5 Be7 13. a4 b4 14. Nb1 Bb7 15. Nd2 c5 16. Nc4 O-O 17. Qe2 h6 18. Bh4 Rad8 19. Bg3 Bd6 20. a5 Rfe8 21. Nb6 Bf8 22. Bh4 Rd4 23. Bxf6 gxf6 24. b3 Kh7 25. Rae1 Be7 26. Qh5 Rg8 27. Qxf7+ Rg7 28. Qh5 Qd8 29. Re3 Rg5 30. Qf7+ Rg7 31. Qh5 Rg5 32. Qe2 Qg8 33. Bc4 Qg7 34. Nd5 Bd8 35. Rh3 Bxa5 36. Rhf3 Bd8 37. h3 a5 38. Kh2 Kh8 39. g4 Qf8 40. Rg3 Rg7 41. Ra1 Kh7 42. Rd3 Rg5 43. Qe3 Rg7 44. Rd2 Rg5 45. Kg3 Rg7 46. Kf3 Qd6 47. Rd3 Rg8 48. Rad1 Rg7 49. h4 Qf8 50. Rg1 Qd6 51. Rg2 Qf8 52. Rg3 Qd6 53. Rxd4 exd4 54. Qf4 Bc7 55. Qxd6 Bxd6 56. Rg2 Be5 57. Rg1 h5 58. g5 fxg5 59. hxg5 h4 60. f6 Rg6 61. Ne7 Bxf6 62. Nxg6 Bd8 63. Nxh4 Kg7 64. g6 Bxh4 65. Rh1 Bf6 66. Rh7+ Kxg6 67. Rxb7 Be5 68. Ra7 Kg5 69. Rxa5 d3 70. cxd3 Bd4 71. Ra6 Kh5 72. Rd6 Kg5 73. Rd5+ Kf6 74. Rxd4 cxd4 75. Kf4 Ke7 76. e5 Kd7 77. Ke4 Ke7 78. Kxd4 1-0

[Event "November 21 Early 2023"]
[Site "https://www.chess.com"]
[Date "2023.11.21"]
[Round "9"]
[White "Orlov, Georgi"]
[Black "reevecanada"]
[Result "1-0"]
[Board "81"]
[TimeControl "180+1"]
[WhiteFideId "2011271"]
[WhiteElo "2501"]
[BlackElo "2683"]
[WhiteTeam "USA"]
[WhiteClock "0:00:23"]
[BlackClock "0:00:08"]

1. d4 Nf6 2. Nf3 e6 3. c4 d5 4. Nc3 c6 5. e3 Nbd7 6. Bd3 dxc4 7. Bxc4 b5 8. Bd3 b4 9. Ne4 Bb7 10. Qc2 Be7 11. Bd2 O-O 12. Rc1 h6 13. O-O Nxe4 14. Bxe4 Qb6 15. Rfd1 Rac8 16. Be1 c5 17. Bxb7 Qxb7 18. Qa4 cxd4 19. Nxd4 Nb6 20. Qb5 a6 21. Qe2 Na4 22. Rc2 Nb6 23. Rdc1 Rxc2 24. Rxc2 Rc8 25. Qf3 Qxf3 26. Rxc8+ Nxc8 27. gxf3 Na7 28. Nb3 Nc6 29. Nc1 a5 30. Nd3 a4 31. b3 axb3 32. axb3 Kf8 33. f4 Ke8 34. Kg2 f6 35. Kf3 Kd7 36. h3 Kc7 37. Ke4 Kb6 38. f5 exf5+ 39. Kxf5 Kb5 40. Ke6 g5 41. f4 h5 42. Kf7 h4 43. Ke6 Bd8 44. Kf5 Be7 45. Ke6 Ka5 46. Kd7 Kb6 47. Bf2 Kb5 48. fxg5 fxg5 49. e4 Bf6 50. Ke6 Bd4 51. Be1 Be3 52. e5 Nd4+ 53. Kd5 Nxb3 54. e6 g4 55. e7 gxh3 56. e8=Q+ Ka5 57. Qxe3 h2 58. Qa7+ Kb5 59. Qb7+ Ka4 60. Qxb4# 1-0

[Event "November 21 Early 2023"]
[Site "https://www.chess.com"]
[Date "2023.11.21"]
[Round "9"]
[White "Grochal, Joey"]
[Black "Ovetchkin, Roman"]
[Result "0-1"]
[Board "82"]
[TimeControl "180+1"]
[WhiteFideId "1019945"]
[BlackFideId "4119991"]
[WhiteElo "2231"]
[BlackElo "2381"]
[WhiteTeam "NED"]
[BlackTeam "RUS"]
[WhiteClock "0:00:35"]
[BlackClock "0:01:59"]

1. e4 c6 2. d4 d5 3. Nc3 dxe4 4. Nxe4 Nf6 5. Nxf6+ exf6 6. c3 Bd6 7. Nf3 O-O 8. Be2 Re8 9. O-O Bg4 10. h3 Be6 11. b4 Nd7 12. a4 Nf8 13. Rb1 Ng6 14. b5 Qd7 15. bxc6 bxc6 16. Bd3 Bxh3 17. gxh3 Qxh3 18. Bxg6 Qg4+ 19. Kh1 Qh3+ 20. Kg1 hxg6 21. Qd3 g5 22. Ne5 Qh4 23. Qf5 fxe5 24. Bxg5 Qh5 25. Rb7 exd4 26. Kg2 Re5 0-1

[Event "November 21 Early 2023"]
[Site "https://www.chess.com"]
[Date "2023.11.21"]
[Round "9"]
[White "Ismayil, Malak"]
[Black "Skliarov, Viktor"]
[Result "0-1"]
[Board "83"]
[TimeControl "180+1"]
[WhiteFideId "13412604"]
[BlackFideId "14106736"]
[WhiteElo "1898"]
[BlackElo "2304"]
[WhiteTeam "AZE"]
[BlackTeam "UKR"]
[WhiteClock "0:00:00"]
[BlackClock "0:00:12"]

1. e4 c5 2. Nf3 Nc6 3. Bb5 e6 4. Bxc6 bxc6 5. O-O Ne7 6. c3 Ng6 7. d4 cxd4 8. Qxd4 Qb6 9. Qd1 Be7 10. Nbd2 d5 11. Qc2 O-O 12. Nb3 c5 13. Be3 Bb7 14. exd5 exd5 15. Rfe1 Rac8 16. Rad1 d4 17. Bc1 d3 18. Qd2 Bxf3 19. gxf3 c4 20. Nd4 Bf6 21. Nf5 h6 22. Ng3 Bg5 23. Re3 Nh4 24. Qe1 Bxe3 25. Qxe3 Qxe3 26. Bxe3 a6 27. Ne4 f5 28. Nd2 f4 29. Bd4 Rfe8 30. b3 Re2 31. Kf1 g5 32. bxc4 Kf7 33. Ne4 Kg6 34. Rxd3 Rxa2 35. Nd2 Rd8 36. Nb1 Ra1 37. Rd1 Nxf3 38. Kg2 g4 39. c5 a5 40. h3 h5 41. hxg4 hxg4 42. c6 Rc8 43. Rc1 Rxc6 44. Rd1 Rc8 45. c4 Rxc4 46. Bb2 Ra2 47. Rd6+ Kf5 48. Bf6 Rcc2 49. Nc3 Rxf2+ 0-1

[Event "November 21 Early 2023"]
[Site "https://www.chess.com"]
[Date "2023.11.21"]
[Round "9"]
[White "BM223344"]
[Black "Ambartsumova, Karina"]
[Result "1/2-1/2"]
[Board "84"]
[TimeControl "180+1"]
[BlackFideId "4166299"]
[WhiteElo "2490"]
[BlackElo "2240"]
[BlackTeam "RUS"]
[WhiteClock "0:00:20"]
[BlackClock "0:00:12"]

1. d4 Nf6 2. c4 e6 3. Nf3 d5 4. g3 dxc4 5. Qa4+ c6 6. Qxc4 b5 7. Qc2 Bb7 8. Bg2 Be7 9. O-O O-O 10. a4 a6 11. e4 Nbd7 12. Rd1 c5 13. e5 Nd5 14. Nc3 b4 15. Nxd5 Bxd5 16. dxc5 Rc8 17. Be3 Nxc5 18. Qe2 Qa5 19. Nd4 Rfd8 20. h4 h6 21. Qg4 Kh8 22. Qh5 Kg8 23. Qg4 Kh7 24. h5 Bxg2 25. Kxg2 Qc7 26. Nf3 Qb7 27. Qf4 Kg8 28. Rxd8+ Rxd8 29. Qc4 Nd3 30. Bf4 Bg5 31. Bxg5 hxg5 32. Rd1 Nf4+ 33. gxf4 Rxd1 34. fxg5 Rd8 35. g6 a5 36. Kg3 Qd5 37. Qg4 fxg6 38. hxg6 Rf8 39. Qh5 Rxf3+ 40. Qxf3 Qxe5+ 41. Qf4 Qxf4+ 42. Kxf4 Kf8 43. Ke5 Ke7 44. b3 Kd7 45. Kd4 Kd6 46. f4 Kc6 47. Ke5 Kd7 48. Kd4 Kd6 49. Kc4 Kc6 50. Kd4 Kd6 51. Ke4 Kd7 52. Ke5 Ke7 53. Kd4 Kd6 1/2-1/2

[Event "November 21 Early 2023"]
[Site "https://www.chess.com"]
[Date "2023.11.21"]
[Round "9"]
[White "Belov, Alexei"]
[Black "FunnyDuck66"]
[Result "0-1"]
[Board "85"]
[TimeControl "180+1"]
[WhiteFideId "4128206"]
[WhiteElo "2614"]
[BlackElo "2477"]
[WhiteTeam "RUS"]
[WhiteClock "0:00:00"]
[BlackClock "0:00:13"]

1. e4 c6 2. d4 d5 3. Nd2 dxe4 4. Nxe4 Nf6 5. Nxf6+ exf6 6. c3 Bd6 7. Bd3 Na6 8. Ne2 Nc7 9. Qc2 h5 10. Bf4 Nd5 11. Bxd6 Qxd6 12. O-O Kf8 13. Rfe1 Be6 14. Bf5 Bxf5 15. Qxf5 g6 16. Qf3 Kg7 17. Ng3 f5 18. Qxf5 h4 19. Ne4 Qxh2+ 20. Kxh2 gxf5 21. Nd6 Kf6 22. Re5 Rad8 23. Nxf5 Rh5 24. Ne3 Rxe5 25. Ng4+ Ke6 26. Nxe5 f6 27. Nf3 Nf4 28. Re1+ Kd6 29. Re3 Rg8 30. Nxh4 Rh8 31. g3 Ng6 32. Kh3 Ne7 33. Kg4 Rg8+ 34. Kf3 Rg5 35. Re4 Rb5 36. b4 a5 37. a3 axb4 38. axb4 Rg5 39. c4 b5 40. c5+ Kd7 41. Rg4 Rxg4 42. Kxg4 Nd5 43. Kf5 Nxb4 44. Nf3 Ke7 45. Nd2 Nc2 46. Ke4 Na1 47. f4 Ke6 48. g4 Nc2 49. f5+ Kf7 50. Nb3 Nb4 51. Na5 Kg7 52. Kf3 Kh6 53. Kf4 Nd3+ 54. Ke3 Nb4 55. Kf4 Nd3+ 56. Kg3 Nb4 57. Kh4 Nc2 58. Nxc6 b4 59. Na5 Nxd4 60. c6 Nxc6 61. Nb3 Ne5 62. Kg3 Kg5 63. Nd4 Nxg4 64. Ne6+ Kxf5 65. Nd4+ Ke4 66. Nb3 Ne5 67. Kf2 Kd3 0-1

[Event "November 21 Early 2023"]
[Site "https://www.chess.com"]
[Date "2023.11.21"]
[Round "9"]
[White "Jamal-Jamal-Jamal"]
[Black "Spata, German"]
[Result "0-1"]
[Board "86"]
[TimeControl "180+1"]
[BlackFideId "113026"]
[WhiteElo "2468"]
[BlackElo "2260"]
[BlackTeam "ARG"]
[WhiteClock "0:00:02"]
[BlackClock "0:00:08"]

1. d4 e6 2. Nf3 f5 3. g3 d5 4. Bg2 Nf6 5. O-O Bd6 6. b3 Qe7 7. c4 c6 8. a4 O-O 9. Ba3 Ne4 10. Bxd6 Qxd6 11. Qc2 Nd7 12. Nc3 b6 13. Rfd1 Bb7 14. e3 Rac8 15. a5 c5 16. axb6 axb6 17. Ra7 Qb8 18. Rda1 dxc4 19. bxc4 cxd4 20. Nxe4 Bxe4 21. Qb2 Qd6 22. Nxd4 Bxg2 23. Kxg2 Rc7 24. Nb5 Qc6+ 25. Kg1 Rxa7 26. Rxa7 Nf6 27. Rc7 Qf3 28. Nd4 Qe4 29. Qxb6 Re8 30. Qa7 Qb1+ 31. Kg2 Qe4+ 32. f3 Qxe3 33. Rxg7+ Kh8 34. Qf7 Qd2+ 35. Kh3 Qh6+ 36. Kg2 Qxg7 37. Qxg7+ Kxg7 38. c5 Kf7 39. c6 Rc8 40. f4 Ke7 41. Kf3 Kd6 42. g4 fxg4+ 0-1

[Event "November 21 Early 2023"]
[Site "https://www.chess.com"]
[Date "2023.11.21"]
[Round "9"]
[White "Tasev, Dejan"]
[Black "Pourkashiyan, Atousa"]
[Result "0-1"]
[Board "87"]
[TimeControl "180+1"]
[WhiteFideId "936618"]
[BlackFideId "12502014"]
[WhiteElo "2248"]
[BlackElo "2221"]
[WhiteTeam "SRB"]
[BlackTeam "USA"]
[WhiteClock "0:00:19"]
[BlackClock "0:00:16"]

1. e4 c5 2. Nf3 e6 3. b3 a6 4. Bb2 Nf6 5. e5 Nd5 6. Nc3 Nxc3 7. dxc3 d5 8. exd6 Qxd6 9. Qe2 Nc6 10. g3 Be7 11. c4 Nd4 12. Nxd4 cxd4 13. O-O-O e5 14. Bg2 O-O 15. Rhe1 Bf6 16. c3 Qb6 17. cxd4 exd4 18. Qd3 Bg4 19. Bf3 Bxf3 20. Qxf3 Rad8 21. Qd3 Qa5 22. Kb1 b5 23. c5 b4 24. Rc1 Qc7 25. c6 a5 26. Rc4 Rd6 27. Rec1 Rfd8 28. f4 h6 29. h4 h5 30. Rc5 Rd5 31. Rxd5 Rxd5 32. Qe4 Rd6 33. Qe8+ Kh7 34. Qe4+ g6 35. g4 hxg4 36. h5 Kg7 37. hxg6 fxg6 38. f5 d3 39. Qxg4 Bxb2 40. Kxb2 d2 41. f6+ Rxf6 42. Rd1 Qxc6 43. Qc4 Qxc4 44. bxc4 Rd6 45. Kb3 g5 46. c5 Rd8 47. c6 Kf6 48. c7 Rc8 49. Rxd2 Rxc7 50. Rd5 Ra7 51. Kc4 g4 52. Kd4 g3 53. Ke3 g2 54. Kf2 Rg7 55. Kg1 Rg5 56. Rd8 Ke5 57. Rd2 Ke4 58. Rc2 Kd3 59. Rc8 Kd2 60. Rc7 Kd3 61. Rc8 Kd4 62. Rc1 Rc5 63. Rd1+ Kc3 64. Kxg2 Kb2 65. Rd6 Rc2+ 66. Kf3 a4 67. Ke3 Kxa2 68. Kd3 b3 69. Ra6 a3 70. Kd4 Rc8 71. Kd3 b2 72. Rb6 b1=Q+ 0-1

[Event "November 21 Early 2023"]
[Site "https://www.chess.com"]
[Date "2023.11.21"]
[Round "9"]
[White "Manukian, Artak"]
[Black "Swicarz, Maciej"]
[Result "1/2-1/2"]
[Board "88"]
[TimeControl "180+1"]
[WhiteFideId "13301373"]
[BlackFideId "1113585"]
[WhiteElo "2030"]
[BlackElo "2127"]
[WhiteTeam "ARM"]
[BlackTeam "POL"]
[WhiteClock "0:00:10"]
[BlackClock "0:00:05"]

1. e4 c5 2. Nf3 d6 3. Bb5+ Nd7 4. O-O a6 5. Bd3 Ngf6 6. Re1 b5 7. c4 b4 8. Bc2 e5 9. d3 a5 10. Ba4 Be7 11. Nbd2 O-O 12. Nf1 Nb6 13. Bb5 Ne8 14. a4 Nc7 15. b3 f5 16. N3d2 f4 17. g4 f3 18. h3 Bh4 19. Nxf3 Ne6 20. Ng3 g6 21. Kg2 Qf6 22. Ra2 Bb7 23. Nxh4 Qxh4 24. f3 Nd4 25. Rf1 Rf7 26. Raf2 Raf8 27. f4 exf4 28. Rxf4 Rxf4 29. Rxf4 Qe7 30. Ne2 Ne6 31. Rxf8+ Qxf8 32. Qf1 Qg7 33. Nf4 Ng5 34. h4 Nf7 35. Be8 Ne5 36. Ne6 Qe7 37. Bg5 Qxe8 38. Nd8 Bc8 39. Qf6 Nf7 40. Nxf7 Qxf7 41. Qxd6 Bxg4 42. Qxb6 Qf3+ 43. Kg1 Qg3+ 44. Kf1 Qf3+ 45. Kg1 Qd1+ 46. Kf2 Qe2+ 47. Kg1 Qe1+ 48. Kg2 Qe2+ 49. Kg1 Qe1+ 50. Kg2 Qe2+ 51. Kg1 1/2-1/2

[Event "November 21 Early 2023"]
[Site "https://www.chess.com"]
[Date "2023.11.21"]
[Round "9"]
[White "Kovalevsky, Stanislav"]
[Black "Streltsov, Alexey"]
[Result "0-1"]
[Board "89"]
[TimeControl "180+1"]
[WhiteFideId "13508598"]
[BlackFideId "24104434"]
[WhiteElo "2092"]
[BlackElo "2311"]
[WhiteTeam "FID"]
[BlackTeam "ISR"]
[WhiteClock "0:00:00"]
[BlackClock "0:00:08"]

1. e4 Nf6 2. e5 Nd5 3. Nf3 d6 4. exd6 cxd6 5. d4 Nc6 6. c3 e5 7. dxe5 dxe5 8. Bb5 Bc5 9. O-O O-O 10. Bxc6 bxc6 11. Nxe5 Ba6 12. Nxc6 Qd6 13. Na5 Bxf1 14. Qxf1 Rfe8 15. Nb7 Qb6 16. Nxc5 Qxc5 17. Na3 Rad8 18. Nc2 Nxc3 19. Be3 Qf5 20. Nd4 Rxd4 21. bxc3 Ra4 22. Qd1 Qb5 23. Rb1 Qc6 24. Bd4 Rxa2 25. Qg4 Qg6 26. Qxg6 hxg6 27. h3 a5 28. Rb7 a4 29. Ra7 Rb8 30. Kh2 Rc8 31. Kg3 f6 32. Kf3 g5 33. g3 Kh7 34. h4 Kg6 35. hxg5 Kxg5 36. Rxg7+ Kf5 37. Rf7 Rc6 38. g4+ Kg6 39. Ra7 Ra3 40. Kf4 Rc4 41. f3 Raxc3 42. Ke4 Rb3 43. Kd5 Rbb4 44. Ba1 Rf4 45. Ra6 Rb5+ 46. Kc6 Rb1 47. Bc3 Rc1 0-1

[Event "November 21 Early 2023"]
[Site "https://www.chess.com"]
[Date "2023.11.21"]
[Round "9"]
[White "Gutkin, Ilya"]
[Black "Thorfinnsson, Bjorn"]
[Result "0-1"]
[Board "90"]
[TimeControl "180+1"]
[WhiteFideId "16203470"]
[BlackFideId "2300982"]
[WhiteElo "2248"]
[BlackElo "2381"]
[WhiteTeam "GER"]
[BlackTeam "ISL"]
[WhiteClock "0:00:00"]
[BlackClock "0:00:19"]

1. e4 e5 2. Nf3 Nc6 3. Bb5 Nge7 4. O-O d6 5. c3 Bd7 6. Bc4 h6 7. d4 g5 8. dxe5 dxe5 9. a4 Ng6 10. Na3 g4 11. Ne1 h5 12. Nac2 Qf6 13. Ne3 Nf4 14. Nd5 Nxd5 15. exd5 Ne7 16. Bb5 O-O-O 17. Be3 a6 18. Bxd7+ Rxd7 19. c4 Nf5 20. Qe2 Qg6 21. Nd3 f6 22. b4 h4 23. a5 h3 24. g3 Nd6 25. Nc5 Rd8 26. b5 Ne4 27. Qc2 Bxc5 28. Bxc5 Rhg8 29. Be3 Nd6 30. Qxg6 Rxg6 31. bxa6 Nxc4 32. axb7+ Kxb7 33. a6+ Ka8 34. Rfc1 Nxe3 35. fxe3 Rg7 36. e4 Rd6 0-1

[Event "November 21 Early 2023"]
[Site "https://www.chess.com"]
[Date "2023.11.21"]
[Round "9"]
[White "Bashirli, Saadat"]
[Black "Kim, Sergey"]
[Result "0-1"]
[Board "91"]
[TimeControl "180+1"]
[WhiteFideId "13429990"]
[BlackFideId "13700570"]
[WhiteElo "1537"]
[BlackElo "2571"]
[WhiteTeam "AZE"]
[BlackTeam "KAZ"]
[WhiteClock "0:00:00"]
[BlackClock "0:00:16"]

1. d4 Nf6 2. e3 g6 3. Bd3 Bg7 4. f4 O-O 5. Nf3 d6 6. O-O Nbd7 7. Nbd2 e5 8. e4 exf4 9. c3 Re8 10. Qc2 c6 11. Re1 Nh5 12. Nc4 Nf8 13. Bd2 b5 14. Na3 Bg4 15. Rf1 a6 16. Qc1 c5 17. Bxf4 Bxf3 18. Rxf3 cxd4 19. g4 Nxf4 20. Qxf4 Qd7 21. Raf1 Ra7 22. c4 Ne6 23. Qd2 Nc5 24. cxb5 Nxd3 25. Qxd3 axb5 26. h3 b4 27. Nb5 Ra5 28. Nxd4 Qa7 29. Rd1 Rxa2 30. Rf2 Qc5 31. Nb3 Qe5 32. Re2 Rxb2 33. Rxb2 Qxb2 34. Rd2 Qc3 35. Qd5 Qxh3 36. Qxd6 Qxb3 37. Qd7 Rf8 38. Qe7 Qe3+ 39. Kf1 Qxd2 0-1

[Event "November 21 Early 2023"]
[Site "https://www.chess.com"]
[Date "2023.11.21"]
[Round "9"]
[White "Iskusnyh, Sergei"]
[Black "LangesNasenhaar"]
[Result "0-1"]
[Board "92"]
[TimeControl "180+1"]
[WhiteFideId "4120027"]
[WhiteElo "2455"]
[BlackElo "2443"]
[WhiteTeam "RUS"]
[WhiteClock "0:00:00"]
[BlackClock "0:00:26"]

1. d4 d5 2. c4 e6 3. Nf3 c5 4. cxd5 exd5 5. g3 Nf6 6. Bg2 Nc6 7. O-O Be7 8. dxc5 Bxc5 9. a3 Ne4 10. Nfd2 f5 11. Nc3 Nxc3 12. bxc3 O-O 13. Nb3 Bb6 14. Qxd5+ Kh8 15. e3 Qf6 16. Nd4 Rd8 17. Qb5 Ne5 18. a4 Bd7 19. Qb3 Rac8 20. Ba3 Nc4 21. Bxb7 Rc7 22. Bg2 Nd2 23. Qb2 Nxf1 24. Bxf1 Bxa4 25. Bb4 Bd7 26. Qa3 Bc8 27. Qa4 f4 28. gxf4 Qg6+ 29. Kh1 Bb7+ 30. f3 Rxd4 31. Bg2 Rd2 32. Rg1 Rxg2 33. Rxg2 Bxf3 34. Qc2 Qxc2 0-1

[Event "November 21 Early 2023"]
[Site "https://www.chess.com"]
[Date "2023.11.21"]
[Round "9"]
[White "Tikhonov, Viacheslav"]
[Black "topce"]
[Result "1/2-1/2"]
[Board "93"]
[TimeControl "180+1"]
[WhiteFideId "44196407"]
[WhiteElo "2191"]
[BlackElo "2440"]
[WhiteTeam "RUS"]
[WhiteClock "0:00:07"]
[BlackClock "0:00:10"]

1. e4 c5 2. Nf3 Nc6 3. d4 cxd4 4. Nxd4 e5 5. Nb5 d6 6. N1c3 a6 7. Na3 b5 8. Nd5 Nge7 9. Be3 Nxd5 10. exd5 Ne7 11. c4 Nf5 12. Bd2 g6 13. cxb5 Bg7 14. Be2 O-O 15. O-O Nd4 16. Bc3 Nxe2+ 17. Qxe2 f5 18. f4 e4 19. Bxg7 Kxg7 20. Rac1 axb5 21. Nxb5 Qb6+ 22. Kh1 Ba6 23. a4 Bxb5 24. axb5 Rab8 25. Rc6 Qxb5 26. Qf2 Qxd5 27. Qa7+ Rf7 28. Rc7 Rb7 29. Rxf7+ Kxf7 30. Qa8 Kg7 31. h4 e3 32. Re1 Rb5 33. Qxd5 Rxd5 34. Rxe3 Rd1+ 35. Kh2 Rd2 36. b4 d5 37. Re7+ Kf6 38. Rxh7 Rd4 39. g3 Rxb4 40. Rd7 Rb2+ 41. Kh3 Rd2 42. Rd8 d4 43. Rd5 Ke6 44. Rd8 d3 45. Rd4 Rd1 46. Rd8 Ke7 47. Rd4 Kf6 48. Kg2 d2 49. Rd3 Ke6 50. Rd4 Ke7 51. Kf2 Kf6 52. Kf3 Rf1+ 53. Ke2 Rg1 54. Kxd2 Rxg3 55. Rd6+ Kg7 56. Ke2 Rg4 57. Rd4 Rxh4 58. Kf3 Rh3+ 59. Kg2 Ra3 60. Kf2 Kh6 61. Rd8 Kh5 62. Rg8 Rb3 63. Kg2 Rb6 64. Kg3 Rb3+ 65. Kg2 Kg4 66. Rxg6+ Kxf4 67. Rc6 Rb2+ 68. Kf1 Kg3 69. Rc3+ Kg4 70. Ra3 f4 71. Rc3 Rh2 72. Ra3 f3 73. Ra8 Rh1+ 74. Kf2 Rh2+ 75. Kf1 Rb2 76. Rg8+ Kf4 77. Rf8+ Ke4 78. Re8+ Kf4 79. Rf8+ Kg4 80. Rg8+ Kf5 81. Rf8+ Ke4 82. Re8+ Kd3 83. Rd8+ Ke4 84. Re8+ 1/2-1/2